 Dungeon Crawl Stone Soup version 0.31.0-11-ge490571c62 (webtiles) character file.

Game seed: 9916013061450518119

751 qw the Shooter (level 7, -8/36 HPs)
             Began as a Spriggan Hunter on Feb 4, 2024.
             Mangled by Menkaure (10 damage)
             ... on level 5 of the Dungeon.
             The game lasted 00:00:13 (3000 turns).

qw the Shooter (Spriggan Hunter)                    Turns: 3000, Time: 00:00:13

Health: -8/36      AC:  2    Str:  7    XL:     7   Next: 49%
Magic:  8/8        EV: 22    Int: 10    God:
Gold:   185        SH:  0    Dex: 21    Spells: 6/6 levels left

rFire   . . .        a - +1 shortbow
rCold   . . .        (shield currently unavailable)
rNeg    . . .        c - +0 robe
rPois   .            (helmet restricted)
rElec   .            (no cloak)
rCorr   .            (gloves unavailable)
SInv    +            (boots unavailable)
Will    +....        (no amulet)
Stlth   ++           (no ring)
HPRegen 0.26/turn    (no ring)
MPRegen 0.11/turn

%: no passive effects
@: about to teleport, hasted, very quick
A: very small, no large weapons, unfitting armour, see invisible, speed 3
a: no special abilities


You were on level 5 of the Dungeon.
You visited 1 branch of the dungeon, and saw 5 of its levels.

You collected 185 gold pieces.


Innate Abilities, Weirdness & Mutations

You are very small and have problems with some larger weapons.
You are too small for most types of armour.
You have supernaturally acute eyesight. (SInv)
You cover ground extremely quickly. (Speed+++)


   Skills:
 - Level 3.4 Fighting
 - Level 7.2 Ranged Weapons
 + Level 6.3 Dodging
 - Level 1.5 Stealth


You had 6 spell levels left.
You didn't know any spells.
Your spell library was empty.

Inventory:

Hand Weapons
 a - a +1 shortbow (weapon)
Armour
 c - a +0 robe (worn)
Scrolls
 g - 2 scrolls of teleportation
Potions
 b - a potion of mutation
 f - 2 potions of curing
 j - a potion of invisibility {unknown}

Dungeon Overview and Level Annotations

Branches:
Dungeon (5/15)
 Temple: D:4-7

Altars:
Kikubaaqudgha
Makhleb
Vehumet
Yredelemnul
Zin

Shops:
D:3 [

Annotations:
D:2 1 runed translucent door, Crazy Yiuf
D:5 Menkaure


Message History

Menkaure is lightly damaged.
You shoot an arrow. The arrow hits Menkaure.
Menkaure is moderately damaged.
A jelly comes into view.
Menkaure calls on the powers of darkness!
The jelly convulses!
Your body is wracked with pain!
You hear an angry hiss.
You shoot an arrow. The arrow hits Menkaure!
Menkaure is severely damaged.
You shoot an arrow.
The arrow hits Menkaure but does no damage.
Menkaure is severely damaged.
You shoot an arrow. The arrow hits Menkaure.
Menkaure is severely damaged.
An iguana comes into view.
2990 ||| RETREEEEATING.
Found a stone staircase leading down.
Menkaure calls on the powers of darkness!
The jelly convulses!
The scorpion convulses!
Your body is wracked with pain!
You shoot an arrow. The arrow hits the scorpion.
The scorpion is almost dead.
2992 ||| RETREEEEATING.
2993 ||| RETREEEEATING.
You shoot an arrow. The arrow barely misses the scorpion.
Menkaure mumbles drily.
2995 ||| RETREEEEATING.
You shoot an arrow. The arrow hits the scorpion.
The scorpion is almost dead.
You shoot an arrow. The arrow hits the scorpion.
The scorpion is almost dead.
You shoot an arrow. The arrow hits the scorpion.
You kill the scorpion!
Menkaure casts a spell at you. Pain shoots through your body!
2999 ||| READING 3 scrolls of teleportation.
As you read the scroll of teleportation, it crumbles to dust.
You feel strangely unstable.
You shoot an arrow. The arrow hits Menkaure.
Menkaure is almost destroyed.
Menkaure hits you!
You die...

... .....?.#
.... #......#
.....##......#
...l.........#
......l..<...#
.######.J....#
#......#
#...M..#
#....@.#
...$...[..#
....#######
..... ..>..
....


You could see Menkaure (fast), an iguana and a jelly.

Vanquished Creatures
  Sigmund (D:3)
  A water moccasin (D:5)
  2 ogres (D:4)
  Blork the orc (D:4)
  A scorpion (D:5)
  2 hounds (D:4)
  Jessica (D:2)
  A scorpion zombie (D:3)
  3 adders
  An adder zombie (D:3)
  A dart slug (D:3)
  2 ribbon worms
  2 orcs
  10 ball pythons
  8 bats
  6 endoplasms
  A giant cockroach (D:2)
  9 goblins
  11 hobgoblins
  7 jackals
  5 quokkas
  3 frilled lizards (D:1)
  3 kobolds
  30 rats
112 creatures vanquished.

Notes
Turn   | Place    | Note
-------+----------+-------------------------------------------
     0 | D:1      | qw the Spriggan Hunter began the quest for the Orb.
     0 | D:1      | Reached XP level 1. HP: 10/10 MP: 2/2
     0 | D:1      | 0 ||| qw: Version: 0.3-a-160-g6735b56
     0 | D:1      | 0 ||| qw: Game counter: 5386
     0 | D:1      | 0 ||| qw: Melee chars always use a shield: true
     0 | D:1      | 0 ||| qw: God list: Okawaru
     0 | D:1      | 0 ||| qw: Allow faded altars: false
     0 | D:1      | 0 ||| qw: Do Orc after clearing Dungeon:15 true
     0 | D:1      | 0 ||| qw: Do second Lair branch before Depths: true
     0 | D:1      | 0 ||| qw: Lair rune preference: random
     0 | D:1      | 0 ||| qw: Goals: Normal
     0 | D:1      | 0 ||| PLANNING D:1-11
    37 | D:1      | Reached skill level 3 in Dodging
    50 | D:1      | Reached XP level 2. HP: 14/14 MP: 3/3
   229 | D:1      | Reached XP level 3. HP: 18/18 MP: 4/4
   527 | D:1      | 527 ||| DROPPING +6 ring of intelligence.
   528 | D:1      | 528 ||| READING scroll labelled FATHOH JOO.
   529 | D:1      | 529 ||| READING scroll labelled JUPIOR AJOMIDY.
   530 | D:1      | 530 ||| READING scroll labelled MUPRIU UMPOD.
   535 | D:1      | 535 ||| READING scroll labelled ACEXKY PISSI.
   536 | D:1      | 536 ||| DROPPING scroll of butterflies.
   592 | D:2      | Found a faded altar of an unknown god.
   633 | D:2      | Found an ancient bone altar of Kikubaaqudgha.
   779 | D:2      | Noticed Jessica
   786 | D:2      | Killed Jessica
   787 | D:2      | Reached skill level 5 in Ranged Weapons
   787 | D:2      | Reached XP level 4. HP: 22/22 MP: 5/5
  1275 | D:2      | Found a runed translucent door.
  1276 | D:2      | Noticed Crazy Yiuf
  1330 | D:2      | 1330 ||| READING 2 scrolls labelled UNLOVI RUTS.
  1331 | D:2      | 1331 ||| READING scroll labelled JEIMEO ULONG.
  1331 | D:2      | 1331 ||| ENCHANTING +0 shortbow.
  1332 | D:2      | 1332 ||| READING 2 scrolls labelled REUDAY LEAMOFO.
  1332 | D:2      | 1332 ||| IDENTIFYING dark potion
  1333 | D:2      | 1333 ||| READING scroll of identify.
  1333 | D:2      | 1333 ||| IDENTIFYING golden potion
  1334 | D:2      | 1334 ||| DROPPING scroll of fog.
  1335 | D:2      | 1335 ||| DROPPING potion of berserk rage.
  1462 | D:3      | Found Dagel's Armour Emporium.
  1483 | D:3      | Reached XP level 5. HP: 25/25 MP: 6/6
  1487 | D:3      | Found a basalt altar of Yredelemnul.
  1686 | D:3      | Noticed Sigmund
  1691 | D:3      | Killed Sigmund
  1692 | D:3      | Reached skill level 3 in Fighting
  1692 | D:3      | Reached XP level 6. HP: 32/32 MP: 7/7
  1870 | D:3      | 1870 ||| SHOPLISTING +1 cloak of poison resistance (162
                  | gold, have 125).
  2187 | D:3      | 2187 ||| READING 2 scrolls of identify.
  2187 | D:3      | 2187 ||| IDENTIFYING fuming dark potion
  2188 | D:3      | 2188 ||| READING scroll of identify.
  2188 | D:3      | 2188 ||| IDENTIFYING purple potion
  2189 | D:3      | 2189 ||| READING scroll labelled DIBLIN KEOGUGEMO.
  2290 | D:3      | 2290 ||| DROPPING potion of degeneration.
  2318 | D:4      | Reached skill level 6 in Ranged Weapons
  2327 | D:4      | Reached skill level 6 in Dodging
  2443 | D:4      | Noticed Blork the orc
  2450 | D:4      | Killed Blork the orc
  2451 | D:4      | Reached XP level 7. HP: 36/36 MP: 8/8
  2477 | D:4      | Found a radiant altar of Vehumet.
  2682 | D:4      | Found a glowing silver altar of Zin.
  2820 | D:4      | Found a burning altar of Makhleb.
  2922 | D:4      | 2922 ||| READING scroll of identify.
  2922 | D:4      | 2922 ||| IDENTIFYING cyan potion
  2923 | D:4      | 2923 ||| READING scroll labelled DIUMUW JOCZERO.
  2924 | D:4      | 2924 ||| READING scroll labelled CUHATE ITUMEIR.
  2967 | D:5      | Entered Level 5 of the Dungeon
  2975 | D:5      | Reached skill level 7 in Ranged Weapons
  2981 | D:5      | Noticed Menkaure
  2982 | D:5      | 2982 ||| DRINKING potion of haste.
  2990 | D:5      | 2990 ||| RETREEEEATING.
  2992 | D:5      | 2992 ||| RETREEEEATING.
  2993 | D:5      | 2993 ||| RETREEEEATING.
  2995 | D:5      | 2995 ||| RETREEEEATING.
  2998 | D:5      | HP: 2/36 [Menkaure/nerve-wracking pain (10)]
  2999 | D:5      | 2999 ||| READING 3 scrolls of teleportation.
  3000 | D:5      | Mangled by Menkaure

Levels and vault maps discovered:
D:1:      dpeg_arrival_long_road, layout_rooms, minmay_misc_feat_alley,
          minmay_misc_feat_ornament, minmay_misc_feat_plants
D:2:      layout_basic, hellmonk_ecumenical_altar_heavens_door, basic_altar,
          uniq_jessica, uniq_crazy_yiuf_cottage
D:3:      layout_basic, lemuel_zombie_altar_yredelemnul, serial_shops,
          nicolae_shop_hallway_stairs, minmay_rat_hole, uniq_sigmund
D:4:      layout_basic, nicolae_vehumet_radiance, zin_statuary,
          makhleb_blood_cavern_becter, uniq_blork_the_orc
D:5:      layout_rooms, trog_three_pillars_becter, minmay_temple_entry_trees,
          uniq_menkaure

Skill      XL: |  1  2  3  4  5  6  7 |
---------------+----------------------+-----
Dodging        | 3 4 5 6 |  6.3
Ranged Weapons | 5 6 7 |  7.2
Fighting       | 3 |  3.4
Stealth        | |  1.5

Action                     |  1- 3 |  4- 6 |  7- 9 || total
---------------------------+-------+-------+-------++-------
   Fire: Shortbow          |   107 |   160 |    46 ||   313
    Use: Scroll            |     4 |     7 |     4 ||    15
         Potion            |       |       |     1 ||     1
 Armour: Robe              |     4 |     9 |     3 ||    16
  Dodge: Dodged            |    27 |    53 |    12 ||    92

Table legend:
 A = Non-vault XP
 B = Vault XP
 C = Vault XP percentage of total XP
 D = Non-vault monster count
 E = Vault monster count
 F = Vault count percentage of total count
                 A         B        C        D         E       F
            +---------+---------+-------+---------+---------+-------
      Total |     627 |     446 |  41.6 |      87 |      25 |  22.3
            +---------+---------+-------+---------+---------+-------
        D:1 |      57 |       0 |   0.0 |      36 |       0 |   0.0
        D:2 |      53 |      37 |  41.1 |      23 |       1 |   4.2
        D:3 |      28 |     276 |  90.8 |      14 |      22 |  61.1
        D:4 |     321 |     133 |  29.3 |      12 |       2 |  14.3
        D:5 |     168 |       0 |   0.0 |       2 |       0 |   0.0
            +---------+---------+-------+---------+---------+-------
